 Dungeon Crawl Stone Soup version 0.24.0-13-gcf9b319 (webtiles) character file.

Game seed: 5123827442635413662, levelgen mode: deterministic

2454 Bronimir the Digger (level 9, -6/52 HPs)
             Began as an Octopode Earth Elementalist on Apr 18, 2020.
             Was a Follower of Vehumet.
             Mangled by a wight
             ... wielding a cursed +0 spear
              (7 damage)
             ... on level 7 of the Dungeon.
             The game lasted 00:21:45 (7579 turns).

Bronimir the Digger (Octopode Earth Elementalist)   Turns: 7579, Time: 00:21:47

Health: -6/52      AC:  1    Str: 13    XL:     9   Next: 50%
Magic:  3/19       EV: 15    Int: 20    God:    Vehumet [*.....]
Gold:   286        SH:  0    Dex: 16    Spells: 6/22 levels left

rFire    + . .     SeeInvis +   a - +0 scythe (curse)
rCold    . . .     Gourm    .   (shield currently unavailable)
rNeg     . . .     Faith    .   (helmet restricted)
rPois    .         Spirit   .   k - amulet of regeneration
rElec    .         Reflect  .   m - ring of protection from fire
rCorr    +         Harm     .   t - ring of resist corrosion
MR       +....                  w - ring of see invisible
Stlth    +++.......             e - ring of protection from magic
HPRegen  0.57/turn              z - +4 ring of dexterity
MPRegen  0.16/turn              (no ring)
                                (no ring)
                                (no ring)

@: mighty, hasted, drained, very quick
A: almost no armour, stealthy swim, amphibious, 8 rings, constrict 8, camouflage
1, gelatinous body 1
a: Renounce Religion


You were on level 7 of the Dungeon.
You worshipped Vehumet.
Vehumet was aware of your devotion.
You were very hungry.

You visited 2 branches of the dungeon, and saw 8 of its levels.

You collected 286 gold pieces.

Inventory:

Hand Weapons
 a - a cursed +0 scythe (weapon)
 b - a +0 shortbow
 d - a +0 mace
 r - a +2 spear of venom
 y - a +0 spear
 C - a +0 hunting sling
 E - a +2 whip of flaming
Missiles
 g - 57 poisoned darts (quivered)
 i - 114 sling bullets
 v - 93 bolts
 B - 90 stones
 D - 68 arrows
Jewellery
 e - a ring of protection from magic (on tentacle)
 k - an amulet of regeneration (around mantle)
 m - a ring of protection from fire (left tentacle)
 q - an uncursed amulet of guardian spirit {unknown}
 t - a ring of resist corrosion (right tentacle)
 w - a ring of see invisible (on tentacle)
 z - a +4 ring of dexterity (on tentacle)
Wands
 s - a wand of enslavement (12)
Scrolls
 h - 2 scrolls of immolation
 p - 6 scrolls of identify
 x - a scroll of magic mapping
 A - a scroll of amnesia
 H - a scroll of brand weapon {unknown}
Potions
 f - 2 potions of curing
 j - a potion of mutation {unknown}
 l - a potion of cancellation
 n - 4 potions of might
 o - a potion of agility
 u - a potion of brilliance {unknown}
 F - a potion of haste
 G - a potion of lignification
Comestibles
 c - 8 rations
 I - 3 chunks of flesh


   Skills:
 + Level 0.8(0.1) Fighting
 + Level 0.9(0.2) Polearms
 * Level 4.2(3.4) Dodging
 + Level 3.1(2.4) Stealth
 * Level 7.0(6.1) Spellcasting
 * Level 4.1(3.3) Conjurations
 * Level 3.6(2.8) Transmutations
 * Level 7.8(6.9) Earth Magic


You had 6 spell levels left.
You knew the following spells:

 Your Spells              Type           Power        Failure   Level  Hunger
a - Sandblast             Erth           ####..       1%          1    None
b - Passwall              Tmut/Erth      ####....     2%          2    None
c - Stone Arrow           Conj/Erth      ####..       3%          3    ##.....
d - Petrify               Tmut/Erth      ####....     14%         4    ####...
e - Lee's Rapid Deconstr  Erth           ####......   17%         5    #####..
f - Magic Dart            Conj           ###.         2%          1    None

Your spell library contained the following spells:

 Spells                   Type           Power        Failure   Level  Hunger
 Blink                    Tloc           N/A          16%         2    None
 Call Imp                 Summ           #.......     16%         2    None
 Slow                     Hex            #.......     16%         2    None
 Conjure Flame            Conj/Fire      ##......     16%         3    ##.....
 Mephitic Cloud           Conj/Pois/Air  ##......     21%         3    ##.....


Dungeon Overview and Level Annotations

Branches:
Dungeon (7/15)             Temple (1/1) D:4

Altars:
Ashenzari
Cheibriados
Dithmenos
Elyvilon
Fedhas
Gozag
Hepliaklqana
Kikubaaqudgha
Makhleb
Nemelex Xobeh
Okawaru
Qazlal
Ru
Sif Muna
Trog
Uskayaw
Vehumet
Wu Jian
Xom
Yredelemnul
Zin
The Shining One

Annotations:
D:6 3 runed translucent doors, phiIosophr's ghost, novice MiBe


Innate Abilities, Weirdness & Mutations

You cannot wear most types of armour.
You are very stealthy in the water. (Stealth+)
You are amphibious.
You can wear up to eight rings at the same time.
You can use your tentacles to constrict eight enemies at once.
Your skin changes colour to match your surroundings (Stealth+).
Your rubbery body absorbs attacks. (AC +1, EV +1)


Message History

Confirm with . or Enter, or press ? or * to list all spells.
Aiming: Sandblast (safe; 1% risk of failure)
Press: ? - help, Shift-Dir - straight line, f/p - wight
Aim: a wight, wielding a +4 great sword and wearing a +0 robe (severely damaged)
The blast of sand hits the wight but does no damage.
The wight is severely damaged.
B - 90 stones The killer bee stings you.
The killer bee closely misses you. The wight closely misses you.
Okay, then.
You feel very mighty all of a sudden. The killer bee stings you.
The killer bee misses you.
You feel yourself speed up. The killer bee misses you.
The wight hits you with a +4 great sword!!
* * * LOW HITPOINT WARNING * * *
You feel drained.
* * * LOW HITPOINT WARNING * * *
The killer bee misses you.
The wight hits you from afar with a cursed +0 spear!
You die...

... ### .. ..#### ..
#.#..#.### .####
.......... ....
#.#..#.### #z. ....
#.#..# # #z# .... #.#..#
#.#@# ..... #.#..# #
#.#y###..... #.#..#.#
##.#.........
#.#†.#.######............
yy..........^........._..
#.#).#.#########.........
#.#..#.# ######.........
..#..#.# #......###.....
###..#.# #......# .....


You could see a killer bee and 2 wights.

Vanquished Creatures
  Pikel (D:5)
  Prince Ribbit (D:7)
  A hippogriff (D:6)
  Sigmund (D:4)
  A sky beast (D:7)
  2 ogres (D:5)
  An ice beast (D:6)
  3 centaurs
  2 scorpions
  2 killer bees (D:7)
  3 wights (D:7)
  2 crimson imps
  A bullfrog zombie (D:5)
  2 iguanas
  2 orc wizards (D:3)
  4 worker ants
  A killer bee zombie (D:6)
  A worker ant zombie (D:5)
  11 adders
  5 oozes
  An adder skeleton (D:4)
  4 worms
  A dart slug (D:1)
  2 leopard geckos
  7 orcs
  11 bats
  3 giant cockroaches
  9 goblins
  13 hobgoblins
  8 jackals (D:6)
  3 kobolds
  3 quokkas
  2 ball pythons
  2 frilled lizards
  7 rats
123 creatures vanquished.

Vanquished Creatures (others)
  A slave (D:6)
  A howler monkey (D:6)
  A hound (D:6)
3 creatures vanquished.

Grand Total: 126 creatures vanquished

Notes
Turn   | Place    | Note
-------+----------+-------------------------------------------
     0 | D:1      | Bronimir the Octopode Earth Elementalist began the quest
                  | for the Orb.
     0 | D:1      | Reached XP level 1. HP: 11/11 MP: 3/3
   237 | D:1      | Reached XP level 2. HP: 17/17 MP: 1/5
   471 | D:1      | Reached XP level 3. HP: 21/21 MP: 0/6
   545 | D:1      | Learned a level 2 spell: Passwall
   549 | D:1      | Learned a level 3 spell: Stone Arrow
  1421 | D:2      | Reached XP level 4. HP: 23/27 MP: 0/7
  2678 | D:3      | Reached skill level 1 in Conjurations
  2678 | D:3      | Reached XP level 5. HP: 21/31 MP: 3/9
  2785 | D:2      | Learned a level 4 spell: Petrify
  3609 | D:4      | Noticed Sigmund
  3626 | D:4      | Killed Sigmund
  3626 | D:4      | Reached skill level 5 in Earth Magic
  3626 | D:4      | Reached XP level 6. HP: 18/36 MP: 5/11
  3869 | D:4      | Found a staircase to the Ecumenical Temple.
  3877 | Temple   | Entered the Ecumenical Temple
  4043 | Temple   | Became a worshipper of Vehumet
  4352 | D:5      | Entered Level 5 of the Dungeon
  4399 | D:5      | Reached XP level 7. HP: 41/41 MP: 2/13
  4831 | D:5      | Reached skill level 5 in Spellcasting
  4973 | D:5      | Reached XP level 8. HP: 46/46 MP: 2/15
  5253 | D:5      | Learned a level 5 spell: Lee's Rapid Deconstruction
  5702 | D:6      | Found a runed translucent gate.
  5702 | D:6      | Found a runed translucent gate.
  5702 | D:6      | Found a runed translucent gate.
  5703 | D:6      | Noticed phiIosophr's ghost (novice MiBe)
  5706 | D:6      | Noticed a gargoyle
  6023 | D:6      | Noticed Pikel
  6046 | D:5      | Killed Pikel
  6686 | D:6      | Noticed a hippogriff
  6831 | D:6      | Killed a hippogriff
  6831 | D:6      | Reached XP level 9. HP: 36/52 MP: 0/18
  7334 | D:7      | Reached * piety under Vehumet
  7334 | D:7      | Offered knowledge of Magic Dart by Vehumet.
  7337 | D:7      | Learned a level 1 spell: Magic Dart
  7382 | D:7      | Noticed Prince Ribbit
  7405 | D:7      | Killed Prince Ribbit
  7516 | D:7      | Found a snail-covered altar of Cheibriados.
  7579 | D:7      | HP: 1/52 [wight/+4 great sword (5)]
  7579 | D:7      | Mangled by a wight

Levels and vault maps discovered:
D:1:      dpeg_arrival_simpleton_b, layout_rooms
D:2:      layout_loops_corners
D:3:      layout_loops_ring, chequers_serial_rivers_micro_e
D:4:      layout_cave_pools, minmay_temple_entry_fiery, uniq_sigmund
D:5:      layout_rooms, first_ration, kennysheep_generic_room_9
D:6:      layout_loops_ring, gammafunk_ghost_split, roderic_lattice_a,
          uniq_pikel
D:7:      layout_basic, slow_altar_1, uniq_menkaure, uniq_crazy_yiuf_cottage,
          uniq_prince_ribbit1
Temple:   roderic_octagonal_lattice_temple

Skill      XL: |  1  2  3  4  5  6  7  8  9 |
---------------+----------------------------+-----
Earth Magic    | 4 5 7 |  7.8
Conjurations   | 1 2 3 4 |  4.1
Spellcasting   | 3 4 5 6 7 |  7.0
Dodging        | 3 4 |  4.2
Transmutations | 2 3 |  3.6
Stealth        | 3 |  3.1
Fighting       | |  0.8
Polearms       | |  0.9

Action                   |  1- 3 |  4- 6 |  7- 9 || total
-------------------------+-------+-------+-------++-------
Melee: Unarmed           |     3 |       |       ||     3
       Tentacles         |     4 |       |     5 ||     9
       Mace              |    19 |       |       ||    19
       Constrict         |     1 |       |     5 ||     6
       Spear             |       |     5 |       ||     5
       Scythe            |       |       |    21 ||    21
Throw: Dart              |       |       |     1 ||     1
 Cast: Sandblast         |    28 |    58 |   112 ||   198
       Stone Arrow       |    10 |    22 |     9 ||    41
       Petrify           |       |       |    26 ||    26
       Lee's Rapid Decon |       |       |     5 ||     5
  Use: Scroll            |     4 |     3 |     4 ||    11
       Potion            |       |     8 |     3 ||    11
 Stab: Sleeping          |     2 |       |       ||     2
       Petrified         |       |       |     7 ||     7
  Eat: Chunk             |     3 |    11 |    12 ||    26
       Ration            |       |       |     1 ||     1
Armor: Skin              |     7 |     3 |     4 ||    14
Dodge: Dodged            |    30 |    21 |    74 ||   125
